 Dungeon Crawl Stone Soup version 0.27-a0-695-gb4952372f7 (webtiles) character file.

Game seed: 5734302621202467550

46 Hasart the Skirmisher (level 3, -1/29 HPs)
             Began as a Mummy Fighter on Mar 21, 2021.
             Was an Initiate of Ashenzari.
             Slain by an orc priest
             ... wielding a +0 short sword
              (3 damage)
             ... on level 2 of the Dungeon.
             The game lasted 00:02:38 (1593 turns).

Hasart the Skirmisher (Mummy Fighter)               Turns: 1593, Time: 00:02:39

Health: -1/29      AC:  6    Str: 20    XL:     3   Next: 46%
Magic:  3/3        EV:  7    Int:  7    God:    Ashenzari [......]
Gold:   12         SH:  9    Dex: 11    Spells: 2/2 levels left

rFire    x . .     SeeInvis .   a - +0 war axe
rCold    + . .     Faith    .   c - +0 kite shield
rNeg     + + +     Spirit   .   b - +0 scale mail
rPois    ∞         Reflect  .   (no helmet)
rElec    .         Harm     .   (no cloak)
rCorr    .         Rampage  .   (no gloves)
Will     .....                  (no boots)
Stlth    ..........             (no amulet)
HPRegen  0.09/turn              (no ring)
MPRegen  0.08/turn              (no ring)

@: no status effects
A: cold resistance 1, negative energy resistance 3, torment resistance 2,
unbreathing 1, heat vulnerability 1, no potions
a: Renounce Religion


You were on level 2 of the Dungeon.
You worshipped Ashenzari.
Ashenzari was noncommittal.
You visited 1 branch of the dungeon, and saw 2 of its levels.

You collected 12 gold pieces.

Inventory:

Hand Weapons
 a - a +0 war axe (weapon)
Armour
 b - a +0 scale mail (worn)
 c - a +0 kite shield (worn)
Scrolls
 d - 2 scrolls of identify
 e - a scroll of vulnerability
 f - a scroll of brand weapon
 g - a scroll of enchant armour


   Skills:
 + Level 3.3 Fighting
 * Level 2.4 Axes
 + Level 2.7 Armour
 + Level 2.7 Shields


You had 2 spell levels left.
You didn't know any spells.
Your spell library was empty.

Dungeon Overview and Level Annotations

Branches:
Dungeon (2/15)

Altars:
Ashenzari

Annotations:
D:2 Robin


Innate Abilities, Weirdness & Mutations

You are immune to poison.
Your flesh is cold resistant. (rC+)
You are immune to negative energy. (rN+++)
You are immune to unholy pain and torment.
You can survive without breathing.
You are vulnerable to heat. (rF-)
You do not drink.


Message History

You hit the hobgoblin.
The hobgoblin is lightly wounded.
Robin barely misses you.
A goblin comes into view.
The hobgoblin barely misses you. Robin barely misses you.
You hit the hobgoblin.
You kill the hobgoblin!
The goblin no longer looks unusually strong.
Robin zaps a wand.
Robin roars a battlecry!
The goblins go into a battle-frenzy!
You hear a shout! x3
The hobgoblin no longer looks unusually strong.
Robin zaps a wand.
Robin zaps a wand.
You resist with some effort.
You see here a bat corpse.
Robin roars a battlecry!
The hobgoblin goes into a battle-frenzy!
Robin says, "Kneel, worm!"
Things that are here:
a +0 club; a goblin corpse Robin zaps a wand.
You resist with some effort.
An orc priest comes into view. It is wielding a +0 short sword.
The orc priest shouts!
You hear a shout!
You see here a rat corpse.
An orc comes into view. It is wielding a +0 war axe.
The orc priest hits you with a +0 short sword.
An orc comes into view.
It is wielding a +0 flail and wearing a +2 scale mail of positive energy.
You hit the orc priest.
The orc priest is moderately wounded.
The orc priest invokes the aid of Beogh against you.
Beogh smites you!
* * * LOW HITPOINT WARNING * * *
You block the orc priest's attack.
Unknown command.
You slash the orc priest!
The orc priest is almost dead.
The orc priest closely misses you. You block Robin's attack.
The orc priest hits you with a +0 short sword.
You die...

........#
.#####..#
#..#######
#.........
##.#######
...# ###.#
#..# #oo.#
#..# #o###
#..# #@#
#..# #†#
#..# #g#
#..####g#
#..g)...#
#..######
#....#
#.g#.#
#....#


You could see Robin, an orc priest, 2 orcs and a hobgoblin (strong).

Vanquished Creatures
  An ooze (D:1)
  A dart slug (D:1)
  8 bats
  A giant cockroach (D:2)
  7 hobgoblins
  2 jackals (D:1)
  5 frilled lizards (D:1)
  7 goblins
  2 kobolds (D:1)
  4 rats
38 creatures vanquished.

Notes
Turn   | Place    | Note
-------+----------+-------------------------------------------
     0 | D:1      | Hasart the Mummy Fighter began the quest for the Orb.
     0 | D:1      | Reached XP level 1. HP: 18/18 MP: 1/1
   310 | D:1      | Reached XP level 2. HP: 9/24 MP: 2/2
   796 | D:1      | Found a broken altar of Ashenzari.
   830 | D:1      | Reached XP level 3. HP: 29/29 MP: 3/3
   974 | D:1      | Became a worshipper of Ashenzari the Shackled
  1554 | D:2      | Noticed Robin
  1592 | D:2      | HP: 1/29 [orc priest/divine providence (9)]
  1593 | D:2      | Slain by an orc priest

Illustrated notes

Levels and vault maps discovered:
D:1:      lemuel_arrival_hallway, layout_loops_ring,
          nicolae_ashenzari_panopticon
D:2:      layout_loops_ring, lemuel_coloured_pillars_altar, grunt_ministairs_9,
          lemuel_altar_in_water, uniq_robin

Skill      XL: |  1  2 |
---------------+-------+-----
Axes           | 2 |  2.4
Fighting       | |  3.3
Armour         | |  2.7
Shields        | |  2.7

Action                   || total
-------------------------++-------
Melee: War axe           ||   103
Armor: Scale mail        ||    67
Dodge: Dodged            ||    44
Block: Kite shield       ||    68

Table legend: (Time is in decaauts)
 A = Elapsed time spent in this place.
 B = Non-inter-level travel time spent in this place.
 C = Inter-level travel time spent in this place.
 D = Time resting spent in this place.
 E = Time spent auto-exploring this place.
 F = Levels seen in this place.
 G = Mean time per level.
                   A        B        C        D        E       F      G
               +--------+--------+--------+--------+--------+-----+--------+
         Total |   1658 |   1624 |     34 |      0 |   1290 |   2 |  829.0 |
       Dungeon |   1658 |   1624 |     34 |      0 |   1290 |   2 |  829.0 |
               +--------+--------+--------+--------+--------+-----+--------+

Top non-repeatable levels by time:
     D:1: 1537 daAuts
     D:2: 121 daAuts
